TOP OF THE 1ST |
Highwood Hawks batting - Pitching for York Revolution : RHP Jean-François Chapon
|
Pitching: RHP Jean-François Chapon
|
|
Batting: LHB Kendrick Sullivan
|
0-0: Fly out, F8 (Flyball, 8LM)
|
Batting: RHB Júlio Becerra
|
0-0: SINGLE (Flyball, 9S)
|
Batting: SHB Luis Manuel Flores
|
0-0: Called Strike 0-1: SINGLE (Line Drive, 9S) Júlio Becerra to second Runner from 2nd tries for 3rd, SAFE, no throw or cutoff
|
Batting: LHB Scott Janousek
|
0-0: Ball 1-0: SINGLE (Line Drive, 56D) Júlio Becerra scores Luis Manuel Flores to second
|
Batting: LHB Curt Wilson
|
0-0: Called Strike Luis Manuel Flores steals 3rd base Scott Janousek to second 0-1: 3-RUN HOME RUN (Flyball, 89XD), Distance : 436 ft
|
Batting: RHB James Hill
|
0-0: Foul Ball, location: 2F 0-1: Ball 1-1: Ball Error on foul ball, E2 2-2: SINGLE (Flyball, 8RS)
|
Batting: RHB Pepe Álvarez
|
0-0: Called Strike 0-1: Fly out, F8 (Popup, 6MD)
|
Batting: RHB Harry Freidricks
|
0-0: Foul Ball, location: 2F 0-1: Ball 1-1: Ball 2-1: Foul Ball, location: 2F 2-2: Fly out, F4 (Line Drive, 4MD)
|
Top of the 1st over - 4 run(s), 5 hit(s), 1 error(s), 1 left on base; Highwood 4 - York 0 |
BOTTOM OF THE 1ST |
York Revolution batting - Pitching for Highwood Hawks : RHP Miguel Álvarez
|
Pitching: RHP Miguel Álvarez
|
|
Batting: RHB José Urruticodez
|
0-0: Swinging Strike 0-1: Ball 1-1: Foul Ball, location: 2F 1-2: Strikes out swinging
|
Batting: RHB Jaime Solís
|
0-0: Ball 1-0: Ball 2-0: Foul Ball, location: 2F 2-1: Foul Ball, location: 2F 2-2: Ball 3-2: Base on Balls
|
Batting: SHB Zuberi Mccray
|
0-0: Called Strike Jaime Solís steals 2nd base 0-1: Ground out 4-3 (Groundball, 4) Jaime Solís to third
|
Batting: RHB José Ruíz
|
0-0: Ball 1-0: Called Strike 1-1: 2-RUN HOME RUN (Flyball, 7D), Distance : 395 ft
|
Batting: LHB Harold Wiggins
|
0-0: Ball 1-0: Ball 2-0: Fly out, F7 (Flyball, 7M)
|
Bottom of the 1st over - 2 run(s), 1 hit(s), 0 error(s), 0 left on base; Highwood 4 - York 2 |
TOP OF THE 2ND |
Highwood Hawks batting - Pitching for York Revolution : RHP Jean-François Chapon
|
Batting: RHB Eduardo Guzmán
|
0-0: Ground out 5-3 (Groundball, 5S)
|
Batting: LHB Kendrick Sullivan
|
0-0: Foul Ball, location: 2F 0-1: Ball 1-1: Ground out U3 (Groundball, 3S)
|
Batting: RHB Júlio Becerra
|
0-0: Called Strike 0-1: Fly out, F7 (Flyball, 78M)
|
Top of the 2nd over - 0 run(s), 0 hit(s), 0 error(s), 0 left on base; Highwood 4 - York 2 |
BOTTOM OF THE 2ND |
York Revolution batting - Pitching for Highwood Hawks : RHP Miguel Álvarez
|
Batting: RHB Alwin Vreekamp
|
0-0: Ball 1-0: Ball 2-0: Ball 3-0: Called Strike 3-1: Foul Ball, location: 2F 3-2: Base on Balls
|
Batting: LHB Michael Nelson
|
0-0: Ball 1-0: Ball 2-0: Ball 3-0: Base on Balls Alwin Vreekamp to second
|
Batting: RHB Manuel García
|
0-0: Fielders Choice at 2nd, 6-4 (Groundball, 6M) Alwin Vreekamp to third
|
Batting: RHB Carlos Meléndez
|
0-0: Called Strike 0-1: Ball 1-1: Called Strike 1-2: Foul Ball, location: 2F 1-2: Foul Ball, location: 2F 1-2: Fly out, F9 (Flyball, 9M) Runner from 3rd tags up, SCORES, no throw
|
Batting: RHB José Urruticodez
|
0-0: Ball 1-0: SINGLE (Flyball, 8LS) Manuel García to second
|
Batting: RHB Jaime Solís
|
0-0: Ground out 5-3 (Groundball, 56)
|
Bottom of the 2nd over - 1 run(s), 1 hit(s), 0 error(s), 2 left on base; Highwood 4 - York 3 |
TOP OF THE 3RD |
Highwood Hawks batting - Pitching for York Revolution : RHP Jean-François Chapon
|
Batting: SHB Luis Manuel Flores
|
0-0: Called Strike 0-1: Swinging Strike 0-2: Ground out 5-3 (Groundball, 15S)
|
Batting: LHB Scott Janousek
|
0-0: Ball 1-0: Swinging Strike 1-1: Swinging Strike 1-2: Ball 2-2: Ball 3-2: Base on Balls
|
Batting: LHB Curt Wilson
|
0-0: Called Strike Scott Janousek steals 2nd base 0-1: Called Strike 0-2: SINGLE (Groundball, 4M) Scott Janousek to third
|
Batting: RHB James Hill
|
0-0: Swinging Strike 0-1: Ball 1-1: Ball 2-1: Called Strike 2-2: Fly out, F9 (Flyball, 9LM) Runner from 3rd tags up, SCORES, no throw
|
Batting: RHB Pepe Álvarez
|
0-0: Called Strike 0-1: Ball Curt Wilson is caught stealing 2nd base
|
Top of the 3rd over - 1 run(s), 1 hit(s), 0 error(s), 0 left on base; Highwood 5 - York 3 |
BOTTOM OF THE 3RD |
York Revolution batting - Pitching for Highwood Hawks : RHP Miguel Álvarez
|
Batting: SHB Zuberi Mccray
|
0-0: Ball 1-0: Called Strike 1-1: Swinging Strike 1-2: Strikes out swinging
|
Batting: RHB José Ruíz
|
0-0: Ground out 6-3 (Groundball, 6M)
|
Batting: LHB Harold Wiggins
|
0-0: Called Strike 0-1: Foul Ball, location: 2F 0-2: Ball 1-2: Ball 2-2: Fly out, F7 (Flyball, 78M)
|
Bottom of the 3rd over - 0 run(s), 0 hit(s), 0 error(s), 0 left on base; Highwood 5 - York 3 |
TOP OF THE 4TH |
Highwood Hawks batting - Pitching for York Revolution : RHP Jean-François Chapon
|
Batting: RHB Pepe Álvarez
|
0-0: Called Strike 0-1: Ball 1-1: SINGLE (Line Drive, 9S)
|
Batting: RHB Harry Freidricks
|
0-0: Ball 1-0: SINGLE (Line Drive, 8LS) Pepe Álvarez to second
|
Batting: RHB Eduardo Guzmán
|
0-0: Foul Ball, location: 2F 0-1: Ground out 5-3 (Groundball, 6S) Pepe Álvarez to third Harry Freidricks to second
|
Batting: LHB Kendrick Sullivan
|
0-0: Called Strike 0-1: Ball 1-1: Ball 2-1: SINGLE (Groundball, 34D) Pepe Álvarez scores Harry Freidricks to third Runner from 3rd tries for Home, SAFE, no throw or cutoff
|
Batting: RHB Júlio Becerra
|
0-0: Swinging Strike 0-1: Ball 1-1: Fly out, F8 (Flyball, 8LM)
|
Batting: SHB Luis Manuel Flores
|
0-0: Called Strike Kendrick Sullivan steals 2nd base 0-1: Fly out, F9 (Flyball, 89M)
|
Top of the 4th over - 2 run(s), 3 hit(s), 0 error(s), 1 left on base; Highwood 7 - York 3 |
BOTTOM OF THE 4TH |
York Revolution batting - Pitching for Highwood Hawks : RHP Miguel Álvarez
|
Batting: RHB Alwin Vreekamp
|
0-0: Called Strike 0-1: Ground out 5-3 (Groundball, 56S)
|
Batting: LHB Michael Nelson
|
0-0: Ball 1-0: Ball 2-0: Swinging Strike 2-1: Foul Ball, location: 2F 2-2: DOUBLE (Line Drive, 78M)
|
Batting: RHB Manuel García
|
0-0: Called Strike 0-1: SINGLE (Line Drive, 6D) Michael Nelson to third Runner from 3rd tries for Home, SAFE, no throw or cutoff
|
Batting: RHB Carlos Meléndez
|
0-0: Ball 1-0: Swinging Strike 1-1: Ball Manuel García steals 2nd base 2-1: Foul Ball, location: 2F 2-2: Foul Ball, location: 2F 2-2: Foul Ball, location: 2F 2-2: Ball 3-2: Strikes out swinging
|
Batting: RHB José Urruticodez
|
0-0: Ball 1-0: Called Strike 1-1: Foul Ball, location: 2F 1-2: Ball 2-2: Strikes out swinging
|
Bottom of the 4th over - 1 run(s), 2 hit(s), 0 error(s), 1 left on base; Highwood 7 - York 4 |
TOP OF THE 5TH |
Highwood Hawks batting - Pitching for York Revolution : RHP Jean-François Chapon
|
Pitching: RHP Juan González
|
|
Batting: LHB Scott Janousek
|
0-0: Ball 1-0: Foul Ball, location: 2F 1-1: Ball 2-1: Foul Ball, location: 2F 2-2: Ball 3-2: Strikes out swinging
|
Batting: LHB Curt Wilson
|
0-0: Ball 1-0: Foul Ball, location: 2F 1-1: Ball 2-1: Called Strike 2-2: SINGLE (Flyball, 8RS)
|
Batting: RHB James Hill
|
0-0: Ball Curt Wilson is caught stealing 2nd base 1-0: Foul Ball, location: 2F 1-1: Swinging Strike 1-2: Ball 2-2: Strikes out swinging
|
Top of the 5th over - 0 run(s), 1 hit(s), 0 error(s), 0 left on base; Highwood 7 - York 4 |
BOTTOM OF THE 5TH |
York Revolution batting - Pitching for Highwood Hawks : RHP Miguel Álvarez
|
Batting: RHB Jaime Solís
|
0-0: Fly out, F7 (Flyball, 7D)
|
Batting: SHB Zuberi Mccray
|
0-0: Called Strike 0-1: Ground out 3-1 (Groundball, 34)
|
Batting: RHB José Ruíz
|
0-0: Called Strike 0-1: Called Strike 0-2: Foul Ball, location: 2F 0-2: Ball 1-2: Foul Ball, location: 2F 1-2: Ball 2-2: Foul Ball, location: 2F 2-2: Strikes out swinging
|
Bottom of the 5th over - 0 run(s), 0 hit(s), 0 error(s), 0 left on base; Highwood 7 - York 4 |
TOP OF THE 6TH |
Highwood Hawks batting - Pitching for York Revolution : RHP Juan González
|
Batting: RHB Pepe Álvarez
|
0-0: Fly out, F9 (Flyball, 89M)
|
Batting: RHB Harry Freidricks
|
0-0: Ball 1-0: Swinging Strike 1-1: Ball 2-1: Swinging Strike 2-2: Strikes out swinging
|
Batting: RHB Eduardo Guzmán
|
0-0: Ball 1-0: Ground out 6-3 (Groundball, 6)
|
Top of the 6th over - 0 run(s), 0 hit(s), 0 error(s), 0 left on base; Highwood 7 - York 4 |
BOTTOM OF THE 6TH |
York Revolution batting - Pitching for Highwood Hawks : RHP Miguel Álvarez
|
Batting: LHB Harold Wiggins
|
0-0: Ball 1-0: Swinging Strike 1-1: Foul Ball, location: 2F 1-2: Foul Ball, location: 2F 1-2: Foul Ball, location: 2F 1-2: Strikes out swinging
|
Batting: RHB Alwin Vreekamp
|
0-0: Ball 1-0: SINGLE (Line Drive, 6D)
|
Batting: LHB Michael Nelson
|
0-0: Ball 1-0: Ball 2-0: Ball 3-0: Called Strike 3-1: Base on Balls Alwin Vreekamp to second
|
Batting: RHB Manuel García
|
0-0: Called Strike 0-1: Called Strike 0-2: Hit by Pitch Alwin Vreekamp to third Michael Nelson to second
|
Batting: RHB Carlos Meléndez
|
0-0: Ball 1-0: SINGLE (Line Drive, 6MD) Alwin Vreekamp scores Michael Nelson to third Manuel García to second Runner from 3rd tries for Home, SAFE, no throw or cutoff
|
Pitching: RHP Tom Bass
|
|
Batting: RHB José Urruticodez
|
0-0: Ball 1-0: Ball Wild Pitch! Manuel García to third Carlos Meléndez to second 2-0: Ball 3-0: Called Strike 3-1: Called Strike 3-2: Foul Ball, location: 2F 3-2: Strikes out looking
|
Batting: RHB Jaime Solís
|
0-0: Ball 1-0: Ball 2-0: Ball 3-0: Called Strike 3-1: Base on Balls
|
Batting: SHB Zuberi Mccray
|
0-0: Called Strike 0-1: Called Strike 0-2: SINGLE (Flyball, 8RS) Manuel García scores Carlos Meléndez to third Jaime Solís to second Runner from 3rd tries for Home, SAFE, throw made home
|
Batting: RHB José Ruíz
|
0-0: Called Strike 0-1: Ball 1-1: Swinging Strike 1-2: Ball 2-2: Ball 3-2: Base on Balls Jaime Solís to third Zuberi Mccray to second
|
Batting: LHB Harold Wiggins
|
0-0: Ball 1-0: Called Strike 1-1: Called Strike 1-2: Ball 2-2: Foul Ball, location: 2F 2-2: Strikes out swinging
|
Bottom of the 6th over - 4 run(s), 3 hit(s), 0 error(s), 3 left on base; Highwood 7 - York 8 |
TOP OF THE 7TH |
Highwood Hawks batting - Pitching for York Revolution : RHP Juan González
|
Batting: LHB Kendrick Sullivan
|
0-0: Ball 1-0: Ball 2-0: Ball 3-0: Base on Balls
|
Batting: RHB Júlio Becerra
|
0-0: Called Strike 0-1: Bunted foul 0-2: Foul Ball, location: 2F 0-2: Strikes out swinging
|
Batting: SHB Luis Manuel Flores
|
0-0: Ball 1-0: Called Strike Kendrick Sullivan steals 2nd base 1-1: Foul Ball, location: 2F 1-2: Foul Ball, location: 2F 1-2: Ball 2-2: Foul Ball, location: 2F 2-2: Ball 3-2: Foul Ball, location: 2F 3-2: Fly out, F9 (Flyball, 89M)
|
Batting: LHB Scott Janousek
|
0-0: Swinging Strike 0-1: Called Strike 0-2: Ball 1-2: Ball 2-2: Strikes out swinging
|
Top of the 7th over - 0 run(s), 0 hit(s), 0 error(s), 1 left on base; Highwood 7 - York 8 |
BOTTOM OF THE 7TH |
York Revolution batting - Pitching for Highwood Hawks : RHP Tom Bass
|
Batting: RHB Alwin Vreekamp
|
0-0: Ball 1-0: Fly out, F8 (Flyball, 8RM)
|
Batting: LHB Michael Nelson
|
0-0: Foul Ball, location: 2F 0-1: DOUBLE (Flyball, 78XD)
|
Pinch Hitting: RHB Jim Unknown
|
0-0: Intentional Walk
|
Pinch Hitting: LHB Marcos Deleón
|
0-0: Fielders Choice at 2nd, 4-6 (Groundball, 4M) Michael Nelson to third
|
Batting: RHB José Urruticodez
|
0-0: Ball 1-0: Ball 2-0: Ball 3-0: Base on Balls Marcos Deleón to second
|
Batting: RHB Jaime Solís
|
0-0: Called Strike 0-1: Swinging Strike 0-2: Strikes out swinging
|
Bottom of the 7th over - 0 run(s), 1 hit(s), 0 error(s), 3 left on base; Highwood 7 - York 8 |
TOP OF THE 8TH |
Highwood Hawks batting - Pitching for York Revolution : RHP Juan González
|
Pitching: RHP Raúl Luna
|
|
Now at 1B: Mario Nieves
|
|
Now in RF: Jim Unknown
|
|
Batting: LHB Curt Wilson
|
0-0: Ball 1-0: Ball 2-0: Ball 3-0: Called Strike 3-1: Called Strike 3-2: Strikes out swinging
|
Batting: RHB James Hill
|
0-0: Called Strike 0-1: Ball 1-1: Ball 2-1: Called Strike 2-2: Foul Ball, location: 2F 2-2: Ball 3-2: Strikes out swinging
|
Batting: RHB Pepe Álvarez
|
0-0: Foul Ball, location: 2F 0-1: Ball 1-1: DOUBLE (Line Drive, 89M)
|
Pinch Hitting: RHB Jim Unknown
|
0-0: Ball 1-0: Ball 2-0: Called Strike 2-1: Ball 3-1: Called Strike 3-2: Foul Ball, location: 2F 3-2: Base on Balls
|
Batting: RHB Eduardo Guzmán
|
0-0: Ball 1-0: Ball 2-0: Called Strike 2-1: Swinging Strike 2-2: DOUBLE (Line Drive, 7LS) Pepe Álvarez scores Jim Unknown to third Runner from 3rd tries for Home, SAFE, no throw or cutoff
|
Pinch Hitting: LHB Jim Unknown
|
0-0: Ball 1-0: Swinging Strike 1-1: Called Strike 1-2: Ball 2-2: Strikes out looking
|
Top of the 8th over - 2 run(s), 2 hit(s), 0 error(s), 1 left on base; Highwood 9 - York 8 |
BOTTOM OF THE 8TH |
York Revolution batting - Pitching for Highwood Hawks : RHP Tom Bass
|
Pitching: RHP Vicente García
|
|
Now at 2B: Gabriel Pittman
|
|
Now in RF: Jim Unknown
|
|
Batting: SHB Zuberi Mccray
|
0-0: Ball 1-0: Foul Ball, location: 2F 1-1: Foul Ball, location: 2F 1-2: Ball 2-2: Foul Ball, location: 2F 2-2: Ball 3-2: Strikes out swinging
|
Batting: RHB José Ruíz
|
0-0: Ball 1-0: Foul Ball, location: 2F 1-1: Ball 2-1: Foul Ball, location: 2F 2-2: SINGLE (Line Drive, 4MD)
|
Pitching: LHP Miguel López
|
|
Pinch Runner at 1st Terry Cheadle:
|
|
Pinch Hitting: RHB Dave Hastings
|
0-0: Foul Ball, location: 2F 0-1: Called Strike 0-2: SINGLE (Groundball, 56D) Terry Cheadle to second
|
Pitching: RHP Shigeko Sakoda
|
|
Batting: RHB Alwin Vreekamp
|
0-0: Ball 1-0: Ball 2-0: Ball 3-0: Base on Balls Terry Cheadle to third Dave Hastings to second
|
Pitching: LHP Manuel Portillo
|
|
Batting: LHB Michael Nelson
|
0-0: Called Strike 0-1: Ball 1-1: Ball 2-1: Ball 3-1: Foul Ball, location: 2F 3-2: Strikes out swinging
|
Pitching: RHP Alonso Martínez
|
|
Batting: RHB Jim Unknown
|
0-0: Called Strike 0-1: Ball 1-1: Foul Ball, location: 2F 1-2: Fly out, F9 (Flyball, 89D)
|
Bottom of the 8th over - 0 run(s), 2 hit(s), 0 error(s), 3 left on base; Highwood 9 - York 8 |
TOP OF THE 9TH |
Highwood Hawks batting - Pitching for York Revolution : RHP Raúl Luna
|
Pitching: LHP Héctor Valentín
|
|
Now in LF: Dave Hastings
|
|
Batting: RHB Júlio Becerra
|
0-0: Ball 1-0: Ball 2-0: Called Strike 2-1: Fly out, F9 (Flyball, 89M)
|
Batting: SHB Luis Manuel Flores
|
0-0: Ground out 5-3 (Groundball, 5S)
|
Batting: LHB Scott Janousek
|
0-0: Called Strike 0-1: Foul Ball, location: 2F 0-2: Ball 1-2: Ball 2-2: Foul Ball, location: 2F 2-2: Strikes out swinging
|
Top of the 9th over - 0 run(s), 0 hit(s), 0 error(s), 0 left on base; Highwood 9 - York 8 |
BOTTOM OF THE 9TH |
York Revolution batting - Pitching for Highwood Hawks : RHP Alonso Martínez
|
Pitching: RHP Olegário Pa
|
|
Now at 3B: José Vela
|
|
Batting: LHB Mario Nieves
|
0-0: Ground out 1-3 (Groundball, 13)
|
Pinch Hitting: LHB Ángelo Hernández
|
0-0: Called Strike 0-1: Ball 1-1: Ball 2-1: Ground out 4-3 (Groundball, 4)
|
Batting: RHB Jaime Solís
|
0-0: Ball 1-0: Called Strike 1-1: Foul Ball, location: 2F 1-2: Ball 2-2: Foul Ball, location: 2F 2-2: Reached on Error, E9 (Flyball, 9S)
|
Batting: SHB Zuberi Mccray
|
0-0: Swinging Strike 0-1: Ball 1-1: Swinging Strike 1-2: Strikes out swinging
|
Bottom of the 9th over - 0 run(s), 0 hit(s), 1 error(s), 1 left on base; Highwood 9 - York 8 |
|